 Dungeon Crawl Stone Soup version 0.30.1-3-gfc49f6343a (webtiles) character file.

Game seed: 7353604148276871765

107851 hilljack the Destroyer (level 16, -10/101 HPs)
             Began as a Tengu Air Elementalist on July 30, 2023.
             Was an Initiate of Gozag.
             Mangled by a harpy simulacrum (16 damage)
             ... summoned by an orange crystal statue
             ... in an ice cave.
             The game lasted 02:15:20 (46148 turns).

hilljack the Destroyer (Tengu Air Elementalist)    Turns: 46148, Time: 02:15:20

Health: -10/101    AC:  9    Str: 10      XL:     16   Next: 48%
Magic:  2/44       EV: 19    Int: 23 (24) God:    Gozag
Gold:   3373       SH:  7    Dex: 20      Spells: 7/27 levels left

rFire   + . .        a - +8 short sword of Atwud {protect, rElec MP+9 Int+2 Dex+2}
rCold   . . .        N - +1 buckler
rNeg    . . .        n - +1 ring mail "Kemuitz" {MP+9 Int+2}
rPois   +            (helmet restricted)
rElec   +            L - scarf of the Dragon {shadows, Regen+}
rCorr   +            z - +0 pair of gloves {Stlth+}
SInv    +            (boots unavailable)
Will    +....        h - amulet of regeneration
Stlth   +++          G - ring "Omnaut Voerph" {rCorr Slay+2 SInv}
HPRegen 1.96/turn    X - ring "Liziakhi" {rElec rPois rF+ Dex+3}
MPRegen 0.29/turn

%: no passive effects
@: flying quickly and evasively, bezotted, quick
A: beak, talons 3, nimble flight, dopey 1
a: Renounce Religion, Potion Petition, Call Merchant, Bribe Branch


You were in an ice cave.
You worshipped Gozag.
Gozag was most pleased with you.
You visited 5 branches of the dungeon, and saw 24 of its levels.
You also visited: Sewer and Ice Cave.

You collected 9714 gold pieces.
You spent 3700 gold pieces at shops.
You paid 2641 gold pieces to Gozag.

Inventory:

Hand Weapons
 a - the +8 short sword of Atwud (weapon) {protect, rElec MP+9 Int+2 Dex+2}
   (You bought it in a shop on level 1 of the Dungeon)

   Int:       It affects your intelligence (+2).
   Dex:       It affects your dexterity (+2).
   rElec:     It insulates you from electricity.
   MP:        It affects your magic capacity (+9).
 V - the +6 short sword "Keteti" {flame, rC++ Dex+3}
   (You found it on level 1 of the Spider Nest)

   Dex:       It affects your dexterity (+3).
   rC:        It greatly protects you from cold.
Armour
 n - the +1 ring mail "Kemuitz" (worn) {MP+9 Int+2}
   (You found it on level 2 of the Lair of Beasts)

   Int:       It affects your intelligence (+2).
   MP:        It affects your magic capacity (+9).
 z - a +0 pair of gloves of stealth (worn)
 L - the scarf of the Dragon (worn) {shadows, Regen+}
   (You found it on level 1 of the Lair of Beasts)

   Regen:     It increases your rate of health regeneration.
 N - a +1 buckler (worn)
 Y - the +4 skin of Zhor {*Englaciate rC+++ SInv}
   (You found it in an ice cave)

   *Englaciate: It radiates cold, occasionally slowing all nearby creatures who
   are not resistant to cold.
   rC:        It renders you almost immune to cold.
   SInv:      It lets you see invisible.
Magical Staves
 b - a staff of cold
Jewellery
 h - an amulet of regeneration (around neck)
 o - the ring of Zin's Delight {Ice rPois Will+ SInv}
   (You bought it in a shop on level 2 of the Orcish Mines)

   [ring of ice]

   It enhances your ice magic.
   rF:        It makes you vulnerable to fire.
   rC:        It protects you from cold.
   rPois:     It protects you from poison.
   SInv:      It lets you see invisible.
   Will:      It increases your willpower.
 x - the ring "Atuynges" {rPois rF- Int+6 Dex-2 SInv}
   (You bought it in a shop on level 5 of the Dungeon)

   [ring of poison resistance]

   Int:       It affects your intelligence (+6).
   Dex:       It affects your dexterity (-2).
   rF:        It makes you vulnerable to fire.
   rPois:     It protects you from poison.
   SInv:      It lets you see invisible.
 B - a ring of protection from fire
 F - the ring of Ycabbinu {rPois rF+ rC+}
   (You took it off an orc priest on level 9 of the Dungeon)

   [ring of poison resistance]

   rF:        It protects you from fire.
   rC:        It protects you from cold.
   rPois:     It protects you from poison.
 G - the ring "Omnaut Voerph" (left hand) {rCorr Slay+2 SInv}
   (You found it on level 10 of the Dungeon)

   [ring of see invisible]

   Slay:      It affects your accuracy & damage with ranged weapons and melee
   (+2).
   SInv:      It lets you see invisible.
   rCorr:     It protects you from acid and corrosion.
 H - a ring of willpower
 I - a ring of protection from cold
 X - the ring "Liziakhi" (right hand) {rElec rPois rF+ Dex+3}
   (You found it on level 5 of the Lair of Beasts)

   [ring of poison resistance]

   Dex:       It affects your dexterity (+3).
   rF:        It protects you from fire.
   rElec:     It insulates you from electricity.
   rPois:     It protects you from poison.
Wands
 c - a wand of mindburst (7)
 f - a wand of flame (7)
 i - a wand of paralysis (16)
 t - a wand of iceblast (1)
 y - a wand of digging (5)
 D - a wand of quicksilver (9)
Scrolls
 k - 4 scrolls of immolation
 l - a scroll of torment
 p - 4 scrolls of blinking
 r - 2 scrolls of poison
 s - 12 scrolls of teleportation
 u - 3 scrolls of magic mapping
 C - a scroll of fog
 M - 2 scrolls of silence
 O - 3 scrolls of amnesia
 P - 2 scrolls of fear
 S - 4 scrolls of identify
Potions
 d - 4 potions of haste
 e - 6 potions of mutation
 g - a potion of berserk rage
 j - 17 potions of curing
 m - 5 potions of brilliance
 q - 3 potions of resistance
 v - 2 potions of cancellation
 w - 4 potions of heal wounds
 A - 6 potions of lignification
 Q - 8 potions of might
 T - 2 potions of attraction
 U - 6 potions of magic
Miscellaneous
 J - a phantom mirror
 K - a phial of floods
 R - a box of beasts (inert)
 W - a lightning rod (4/4)


   Skills:
 - Level 12.0 Fighting
 - Level 10.0 Short Blades
 + Level 10.7 Armour
 - Level 10.0 Dodging
 - Level 2.0 Stealth
 - Level 6.0 Shields
 - Level 6.0 Spellcasting
 + Level 14.3 Conjurations
 + Level 12.3 Ice Magic
 + Level 14.2 Air Magic


You had 7 spell levels left.
You knew the following spells:

 Your Spells              Type           Power      Damage    Failure   Level
a - Shock                 Conj/Air       100%       1d9       1%          1
b - Freezing Cloud        Conj/Ice/Air   31%        6-21      2%          5
c - Airstrike             Air            32%        2d(5-21)  1%          4
d - Swiftness             Air            64%        N/A       1%          3
e - Mephitic Cloud        Conj/Pois/Air  50%        N/A       1%          3
f - Flame Wave            Conj/Fire      39%        2d11      13%         4

Your spell library contained the following spells:

 Spells                   Type           Power      Damage    Failure   Level
 Magic Dart               Conj           100%       1d8       1%          1
 Poisonous Vapours        Pois/Air       78%        N/A       1%          2
 Static Discharge         Conj/Air       100%       2-7/arc   1%          2
 Frozen Ramparts          Ice            100%       1d16      1%          3
 Sticky Flame             Conj/Fire      39%        2d6       13%         4
 Ice Form                 Ice/Tmut       35%        N/A       19%         4
 Summon Ice Beast         Ice/Summ       35%        N/A       19%         4
 Apportation              Tloc           12%        N/A       24%         1
 Necrotise                Necr           24%        1d5       24%         1
 Summon Small Mammal      Summ           24%        N/A       24%         1
 Call Imp                 Summ           12%        N/A       36%         2
 Silence                  Hex/Air        19%        N/A       36%         5
 Orb of Destruction       Conj           32%        9d10      52%         7
 Call Canine Familiar     Summ           6%         N/A       58%         3
 Gell's Gravitas          Tloc           6%         N/A       58%         3
 Inner Flame              Hex/Fire       6%         N/A       58%         3
 Portal Projectile        Hex/Tloc       12%        N/A       58%         3
 Summon Guardian Golem    Hex/Summ       6%         N/A       58%         3
 Teleport Other           Tloc           6%         N/A       58%         3
 Vampiric Draining        Necr           6%         2d6       58%         3
 Leda's Liquefaction      Hex/Erth       3%         N/A       94%         4
 Passage of Golubria      Tloc           6%         N/A       94%         4
 Agony                    Necr           6%         N/A       100%        5
 Summon Forest            Summ/Tloc      3%         N/A       100%        5
 Dispersal                Tloc           3%         N/A       100%        6
 Eringya's Noxious Bog    Tmut/Pois      3%         N/A       100%        6
 Spellforged Servitor     Conj/Summ      19%        N/A       100%        7
 Summon Hydra             Summ           3%         N/A       100%        7
 Lehudib's Crystal Spear  Conj/Erth      19%        10d6      100%        8


Dungeon Overview and Level Annotations

Branches:
Dungeon (15/15)            Temple (1/1) D:7            Lair (5/5) D:9
  Swamp (0/4) Lair:2       Spider (1/4) Lair:2        Slime (0/5) Lair:5
    Orc (2/2) D:9             Elf (0/3) Orc:2        Vaults (0/5) D:13
 Depths (0/4) D:15          Sewer (visited)           IceCv (1/1) Zot: 980

Altars:
Ashenzari
Cheibriados
Dithmenos
Elyvilon
Fedhas
Gozag
Hepliaklqana
Kikubaaqudgha
Makhleb
Nemelex Xobeh
Okawaru
Qazlal
Ru
Sif Muna
Trog
Uskayaw
Vehumet
Wu Jian
Xom
Yredelemnul
Zin
The Shining One

Shops:
D:1 (!:*   D:5 =   D:14 !   Orc:2 [*=!   Lair:3 ?   Lair:4 *

Portals:
Pandemonium: Orc:2

Annotations:
D:7 2 transporters, nroviw's ghost, novice DEFE
D:9 exclusion: obsidian statue
Lair:5 2 transporters, turdburglar's ghost, journeyman TrBe IceCv exclusion: orange crystal statue


Innate Abilities, Weirdness & Mutations

You have a beak for a mouth.
You have claws for feet.
Your magical nature lets you fly swiftly and evasively.
You are dopey. (Int -2)


Message History

Aim: an orange crystal statue (moderately damaged, empty space bonus: 2/8)
The air twists around and strikes the orange crystal statue.
The orange crystal statue is moderately damaged.
The orange crystal statue glitters.
You are confused.
You're too confused to cast spells.
You're too confused to cast spells.
The orange crystal statue glitters.
The orange crystal statue fixes its piercing gaze on you.
You feel your power leaking away.
You're too confused to cast spells.
You're too confused to cast spells.
You're too confused to move!
The harpy simulacrum completely misses you.
The harpy simulacrum barely misses you.
The orange crystal statue fixes its piercing gaze on you.
The harpy simulacrum claws you. The harpy simulacrum freezes you!!
The harpy simulacrum misses you. The harpy simulacrum claws you.
The harpy simulacrum freezes you! The harpy simulacrum claws you.
The harpy simulacrum freezes you! The harpy simulacrum barely misses you.
The harpy simulacrum closely misses you.
You feel less confused. The harpy simulacrum misses you.
The harpy simulacrum claws you but does no damage.
The harpy simulacrum claws you! The harpy simulacrum freezes you!
The harpy simulacrum barely misses you.
The harpy simulacrum barely misses you. x2
The harpy simulacrum attacks as you move away!
The harpy simulacrum claws you!
* * * LOW HITPOINT WARNING * * *
The harpy simulacrum freezes you!
* * * LOW HITPOINT WARNING * * *
The harpy simulacrum misses you.
The harpy simulacrum claws you but does no damage.
The harpy simulacrum claws you.
* * * LOW HITPOINT WARNING * * *
The harpy simulacrum freezes you!
You die...
Your body crumbles into a pile of gold.

#...######....###..#°.§##....
#..##≈≈≈#.....#......§§#.....
##..#.≈≈≈)#.....##..####.....
##...##≈####....##.........#
####..##### ###...........###
#8#....#.### ####.......##
#..........### ######...###
#.$..........### ###...#
#......$.Z...Z@.############...
##........Z.#.........##..[##..
#..........###.#...........)###
##........## ######..##.....##.
##...##### #...##....####. ####
#...###.###...# ##....###....##
##........### ###....###


You could see a lindwurm simulacrum (summoned), a harpy simulacrum (summoned)
and a deep troll simulacrum (summoned).

Vanquished Creatures
  A stone giant (D:15)
  3 reapers (IceCv)
  Harold (D:11)
  9 hydras
  Erica (D:8)
  3 demonspawn (Orc:2)
  A centaur warrior (D:13)
  A radroach (Lair:2)
  A caustic shrike simulacrum (IceCv)
  2 catoblepae
  2 two-headed ogres
  A merfolk avatar (Lair:5)
  4 boulder beetles
  2 tengu warriors (D:15)
  A death knight (D:14)
  12 death yaks
  9 orc high priests (Orc:2)
  Urug (D:13)
  A spriggan (Lair:4)
  2 skysharks
  An obsidian statue (IceCv)
  A bog body (IceCv)
  3 spriggan simulacra (IceCv)
  A lindwurm (Lair:2)
  5 orc knights (Orc:2)
  A steelbarb worm (Spider:1)
  A harpy (shapeshifter) (D:13)
  A deep elf pyromancer (D:15)
  A harpy (Lair:5)
  A wolf spider (Spider:1)
  3 orc sorcerers (Orc:2)
  15 ugly things
  A cyclops (D:15)
  15 elephants
  5 manticores
  Maurice (D:8)
  2 ice statues (Spider:1)
  A guardian serpent (D:12)
  2 black mambas
  A rust devil (Orc:2)
  A smoke demon (Orc:2)
  A gargoyle (D:13)
  Joseph (D:8)
  2 torpor snails
  8 cane toads
  2 efreet (D:15)
  Maggie (D:6)
  A kobold demonologist (D:14)
  A komodo dragon (shapeshifter) (D:15)
  An anaconda simulacrum (IceCv)
  3 rime drakes
  4 yaktaurs (D:15)
  10 komodo dragons
  A tengu conjurer (D:13)
  4 ice devils (IceCv)
  3 polar bears
  10 freezing wraiths (IceCv)
  7 meliai
  A queen bee (D:13)
  A hornet (Lair:4)
  4 trolls
  16 blink frogs
  A tarantella (Spider:1)
  2 wind drakes (Lair:5)
  3 dream sheep (Lair:4)
  2 snapping turtles (Lair:5)
  A ynoxinul (Orc:2)
  A centaur simulacrum (D:14)
  2 jumping spiders (Spider:1)
  A shadow (D:12)
  8 slime creatures
  47 yaks
  A dire elephant simulacrum (IceCv)
  A vampire (D:12)
  5 wraiths
  12 wyverns
  15 humans (D:13)
  A chaos spawn (Orc:2)
  A neqoxec (Orc:2)
  6 basilisks
  2 vampire mosquitoes (D:10)
  3 minotaur simulacra (IceCv)
  5 wargs
  11 water moccasins
  3 ice beasts
  33 orc warriors
  A black bear (shapeshifter) (D:14)
  2 sky beasts
  5 ogres
  2 ettin simulacra (IceCv)
  2 black bears
  11 wolves
  6 centaurs
  2 phantoms
  6 kobold brigands
  16 bullfrogs
  9 scorpions
  3 deep troll simulacra (IceCv)
  Blork the orc (D:5)
  3 wights (D:8)
  16 killer bees
  A lindwurm simulacrum (IceCv)
  3 electric eels (D:9)
  6 howler monkeys
  2 jellies
  26 orc priests
  3 hounds
  A gnoll bouda (D:6)
  2 iguanas
  Terence (D:2)
  14 orc wizards
  10 hell rats
  7 gnolls
  13 adders
  2 shadow imps
  2 white imps (D:6)
  4 worms
  2 dart slugs
  60 orcs
  7 endoplasms
  3 giant cockroaches
  6 goblins
  7 hobgoblins
  4 jackals (D:4)
  41 kobolds
  4 quokkas
  8 ball pythons
  2 bats
  2 frilled lizards
  10 rats
708 creatures vanquished.

Vanquished Creatures (collateral kills)
  A catoblepas (Lair:1)
1 creature vanquished.

Grand Total: 709 creatures vanquished

Notes
Turn   | Place    | Note
-------+----------+-------------------------------------------
     0 | D:1      | hilljack the Tengu Air Elementalist began the quest for the
                  | Orb.
     0 | D:1      | Reached XP level 1. HP: 10/10 MP: 4/4
   111 | D:1      | Found Isiarhae's Assorted Antiques.
   305 | D:1      | Reached XP level 2. HP: 15/15 MP: 3/6
   430 | D:1      | Found Mohoweun's Weapon Boutique.
   527 | D:1      | Found Feid's Distillery.
   533 | D:1      | Bought a potion of degeneration for 10 gold pieces
   553 | D:1      | Found Vongup's Book Emporium.
   822 | D:1      | Found a faded altar of an unknown god.
   989 | D:1      | Prayed at the altar of an unknown god.
   989 | D:1      | Became a worshipper of Gozag Ym Sagoz the Greedy
  1088 | D:2      | Learned a level 2 spell: Static Discharge
  1267 | D:2      | Reached XP level 3. HP: 19/19 MP: 2/7
  1575 | D:1      | Bought a scroll labelled ACLYBL NAWK for 23 gold pieces
  1575 | D:1      | Bought a scroll labelled KELUFA RAISSIO for 23 gold pieces
  1863 | D:3      | Reached skill level 5 in Air Magic
  1959 | D:3      | Reached XP level 4. HP: 4/24 MP: 0/8
  2087 | D:3      | Found an opulent altar of Gozag.
  2088 | D:3      | Found a sparkling altar of Nemelex Xobeh.
  3086 | D:1      | Bought a potion of haste for 100 gold pieces
  3086 | D:1      | Bought a potion of heal wounds for 50 gold pieces
  3086 | D:1      | Bought a potion of brilliance for 40 gold pieces
  3235 | D:4      | Gained mutation: Your magical nature lets you fly swiftly
                  | and evasively. [Tengu growth]
  3235 | D:4      | Reached XP level 5. HP: 21/28 MP: 5/9
  3538 | D:4      | Reached skill level 5 in Conjurations
  3742 | D:4      | Found a white marble altar of Elyvilon.
  3901 | D:1      | Bought a polished short sword for 184 gold pieces
  3901 | D:1      | Identified the +8 short sword of Atwud {protect, rElec MP+9
                  | Int+2 Dex+2} (You bought it in a shop on level 1 of the
                  | Dungeon)
  3907 | D:1      | Learned a level 4 spell: Airstrike
  4049 | D:4      | Reached XP level 6. HP: 32/32 MP: 10/10
  4063 | D:4      | Reached skill level 1 in Fighting
  4247 | D:4      | Found a shadowy altar of Dithmenos.
  4258 | D:4      | Found a stormy altar of Qazlal.
  4422 | D:5      | Entered Level 5 of the Dungeon
  4660 | D:5      | Found a glowing drain.
  4697 | Sewer    | Entered a sewer
  4769 | Sewer    | Reached XP level 7. HP: 38/38 MP: 11/11
  5704 | D:5      | Noticed Blork the orc
  5734 | D:5      | Killed Blork the orc
  6004 | D:5      | Reached XP level 8. HP: 43/43 MP: 14/14
  6005 | D:5      | Reached skill level 5 in Dodging
  6070 | D:5      | Learned a level 3 spell: Swiftness
  6533 | D:5      | Found Odoxtoruno's Jewellery Shop.
  6536 | D:5      | Bought an amulet of regeneration for 390 gold pieces
  7069 | D:6      | Learned a level 3 spell: Mephitic Cloud
  7426 | D:6      | Reached skill level 5 in Spellcasting
  7893 | D:6      | Reached XP level 9. HP: 47/47 MP: 17/17
  8131 | D:6      | Reached skill level 10 in Air Magic
  8754 | D:6      | Learned a level 5 spell: Freezing Cloud
  8829 | D:7      | Found a transporter.
  8830 | D:7      | Found a transporter.
  8973 | D:7      | Noticed a boulder beetle
  8976 | D:7      | Noticed nroviw's ghost (novice DEFE)
  8978 | D:7      | Noticed a komodo dragon
  8988 | D:7      | Noticed a cyclops
  9032 | D:7      | Found a staircase to the Ecumenical Temple.
  9112 | Temple   | Entered the Ecumenical Temple
  9310 | D:7      | Reached skill level 1 in Ice Magic
  9487 | D:7      | Noticed Maggie
  9538 | D:6      | Killed Maggie
 10438 | D:8      | Reached XP level 10. HP: 52/52 MP: 20/20
 10610 | D:8      | Noticed Maurice
 10808 | D:5      | Bought the ring "Atuynges" {rPois rF- Int+6 Dex-2 SInv} for
                  | 423 gold pieces
 10929 | D:8      | Killed Maurice
 10930 | D:8      | Reached skill level 5 in Ice Magic
 11442 | D:8      | Noticed Joseph
 11447 | D:8      | Killed Joseph
 11553 | D:8      | Noticed Erica
 11558 | D:8      | Killed Erica
 11559 | D:8      | Reached skill level 10 in Dodging
 11559 | D:8      | Reached skill level 1 in Short Blades
 12572 | D:9      | Noticed a death yak
 12572 | D:9      | Noticed a death yak
 12574 | D:9      | Noticed a death yak
 12578 | D:9      | Noticed a death yak
 12580 | D:9      | Noticed a death yak
 12610 | D:9      | Killed a death yak
 12612 | D:9      | Killed a death yak
 12613 | D:9      | Reached XP level 11. HP: 57/57 MP: 20/21
 12781 | D:9      | Noticed a death yak
 12783 | D:9      | Noticed a death yak
 12790 | D:9      | Killed a death yak
 12796 | D:9      | Killed a death yak
 12797 | D:9      | Killed a death yak
 12797 | D:9      | Killed a death yak
 12804 | D:9      | Killed a death yak
 12805 | D:9      | Reached skill level 10 in Conjurations
 12888 | D:9      | Identified the ring of Ycabbinu {rPois rF+ rC+}
 13410 | D:9      | Found a staircase to the Orcish Mines.
 13722 | D:9      | Found a staircase to the Lair.
 13906 | D:9      | Noticed an obsidian statue
 14790 | D:9      | Noticed a sun demon
 14936 | D:10     | Entered Level 10 of the Dungeon
 14953 | D:10     | Identified the ring "Omnaut Voerph" {rCorr Slay+2 SInv}
 16054 | Lair:1   | Entered Level 1 of the Lair of Beasts
 16087 | Lair:1   | Reached skill level 10 in Ice Magic
 16222 | Lair:1   | Identified the scarf of the Dragon {shadows, Regen+}
 16291 | Lair:1   | Reached XP level 12. HP: 64/64 MP: 10/22
 16569 | Lair:1   | Noticed a catoblepas
 16780 | Lair:1   | Killed a catoblepas
 17147 | Lair:1   | Noticed a catoblepas
 17167 | Lair:1   | Killed a catoblepas
 17408 | Lair:1   | Reached skill level 5 in Short Blades
 17778 | Lair:2   | Noticed a seven-headed hydra
 17783 | Lair:2   | Killed a seven-headed hydra
 17784 | Lair:2   | Reached skill level 5 in Fighting
 17944 | Lair:2   | Noticed a boulder beetle
 18105 | Lair:2   | Found a hole to the Spider Nest.
 18115 | Lair:2   | Killed a boulder beetle
 18302 | Lair:2   | Noticed an eight-headed hydra
 18410 | Lair:2   | Killed an eight-headed hydra
 18848 | Lair:2   | Noticed a skyshark
 18854 | Lair:2   | Killed a skyshark
 19157 | Lair:2   | Identified the +1 ring mail "Kemuitz" {MP+9 Int+2}
 19303 | Lair:2   | Found a staircase to the Swamp.
 19398 | Lair:2   | Noticed a five-headed hydra
 19404 | Lair:2   | Killed a five-headed hydra
 20170 | Lair:3   | Noticed a boulder beetle
 20181 | Lair:3   | Reached XP level 13. HP: 76/76 MP: 23/23
 20377 | Lair:3   | Reached skill level 5 in Armour
 20505 | Lair:3   | Bought a scroll of identify for 30 gold pieces
 20505 | Lair:3   | Bought a scroll of silence for 142 gold pieces
 20505 | Lair:3   | Bought a scroll of teleportation for 45 gold pieces
 20506 | Lair:3   | Bought a scroll of identify for 30 gold pieces
 20952 | Lair:3   | Found a shadowy altar of Dithmenos.
 21659 | Lair:3   | You are sucked into a shaft and drop 2 floors!
 21659 | Lair:5   | Entered Level 5 of the Lair of Beasts
 21784 | Lair:5   | Found a hide-covered altar of Uskayaw.
 21979 | Lair:4   | Reached skill level 1 in Shields
 22533 | Lair:4   | Reached skill level 5 in Shields
 23475 | Lair:4   | Reached XP level 14. HP: 84/84 MP: 24/24
 24313 | Lair:5   | Reached skill level 10 in Short Blades
 24358 | Lair:5   | Reached skill level 10 in Fighting
 25222 | Lair:5   | Found a transporter.
 25354 | Lair:5   | Found a transporter.
 25955 | Lair:5   | Noticed turdburglar's ghost (journeyman TrBe)
 26134 | Lair:5   | Found a staircase to the Slime Pits.
 26178 | Lair:5   | Identified the ring "Liziakhi" {rElec rPois rF+ Dex+3}
 26515 | Orc:1    | Entered Level 1 of the Orcish Mines
 27014 | Orc:2    | Entered Level 2 of the Orcish Mines
 27813 | Orc:2    | Found a staircase to the Elven Halls.
 28693 | Orc:2    | Found a radiant altar of Vehumet.
 28737 | Orc:2    | Found a runed translucent door.
 29321 | Orc:2    | Found Xybytoet's General Store.
 29570 | Orc:2    | Found Salunuqa's Distillery.
 31443 | Orc:2    | Reached XP level 15. HP: 96/96 MP: 25/25
 31723 | Orc:2    | Found Ammos's Antique Armour Shop.
 31723 | Orc:2    | Found Pigrunoh's Jewellery Boutique.
 31724 | Orc:2    | Found a one-way gate leading to the halls of Pandemonium.
 31726 | Orc:2    | Bought a fine ring mail for 234 gold pieces
 31726 | Orc:2    | Identified the +0 ring mail of the Cooper {rElec} (You
                  | bought it in a shop on level 2 of the Orcish Mines)
 31726 | Orc:2    | Bought a pair of embroidered gloves for 195 gold pieces
 31726 | Orc:2    | Bought a translucent scale mail for 234 gold pieces
 31726 | Orc:2    | Identified the +1 scale mail of the Mackerel {+Blink Will+}
                  | (You bought it in a shop on level 2 of the Orcish Mines)
 31730 | Orc:2    | Bought the ring of Zin's Delight {Ice rPois Will+ SInv} for
                  | 552 gold pieces
 32577 | Orc:2    | Bought a scroll of magic mapping for 97 gold pieces
 32577 | Orc:2    | Bought a potion of magic for 104 gold pieces
 32577 | Orc:2    | Bought a scroll of fear for 52 gold pieces
 32577 | Orc:2    | Bought 2 potions of curing for 78 gold pieces
 32579 | Orc:2    | Bought a potion of curing for 45 gold pieces
 32579 | Orc:2    | Bought a potion of might for 60 gold pieces
 32579 | Orc:2    | Bought a potion of curing for 45 gold pieces
 32579 | Orc:2    | Bought a potion of heal wounds for 75 gold pieces
 32579 | Orc:2    | Bought a potion of berserk rage for 75 gold pieces
 32579 | Orc:2    | Bought a potion of heal wounds for 75 gold pieces
 32713 | D:11     | Noticed Harold
 32726 | D:11     | Killed Harold
 33061 | D:11     | Found a sparkling altar of Nemelex Xobeh.
 33997 | D:2      | Noticed Terence
 33999 | D:2      | Killed Terence
 35618 | D:13     | Noticed Urug
 35618 | D:13     | Found a gate to the Vaults.
 35953 | D:13     | Killed Urug
 38082 | D:14     | Bought a potion of haste for 170 gold pieces
 38082 | D:14     | Bought a potion of curing for 51 gold pieces
 38082 | D:14     | Bought a potion of brilliance for 68 gold pieces
 39046 | D:15     | Entered Level 15 of the Dungeon
 39343 | D:15     | Reached XP level 16. HP: 72/101 MP: 26/26
 40127 | D:15     | Reached skill level 10 in Armour
 40259 | D:15     | Found a staircase to the Depths.
 40666 | Spider:1 | Entered Level 1 of the Spider Nest
 40915 | Spider:1 | Identified the +6 short sword "Keteti" {flame, rC++ Dex+3}
 40969 | Spider:1 | Found a frozen archway.
 41072 | IceCv    | Entered an ice cave
 44046 | IceCv    | Learned a level 4 spell: Flame Wave
 44351 | IceCv    | Found the +4 skin of Zhor {*Englaciate rC+++ SInv}
 45610 | IceCv    | Gained mutation: You are dopey. (Int -2) [a neqoxec]
 46128 | IceCv    | Glimpsed the power of Zot.
 46148 | IceCv    | Mangled by a harpy simulacrum

Illustrated notes

Levels and vault maps discovered:
D:1:      amcnicky_arrival_flooded_fountain, layout_loops_ring,
          nicolae_ecumenical_lake_church, serial_shops,
          nicolae_shop_window_shopping, nicolae_shop_just_a_little_nook, shop,
          nicolae_shop_crystal, grunt_decor_one_mirror
D:2:      layout_basic, uniq_terence
D:3:      layout_loops_ring, grunt_temple_overflow_opulence
D:4:      layout_rooms, amethyst_overflow_temple_binary, elyvilon_altar_4
D:5:      layout_loops_corners, cheibrodos_sewer_entry_bend, serial_shops,
          kennysheep_mini_moat, dreamdust_mushroom_princess,
          saegor_snake_ambush, uniq_blork_the_orc
D:6:      layout_layer_cave
D:7:      layout_basic, minmay_temple_entry_enclosed_plants, nzn_ghost_randoct,
          uniq_maggie
D:8:      layout_gridville, uniq_erica, uniq_joseph, uniq_maurice
D:9:      layout_irregular_city, dpeg_lair_monsters, erik_orc_2, minivault_14,
          hangedman_abyss_or_decor_passed, chequers_serial_rivers_marsh,
          minmay_statue_bubble
D:10:     layout_roguey, dreamdust_princess_bridge
D:11:     layout_cave_pools, nemelex_spade_bored_becter, uniq_harold
D:12:     layout_rooms, fake_guardian_serpent_vault
D:13:     layout_irregular_city, david_vaults_3, minivault_5,
          nicolae_looking_at_the_future
D:14:     layout_irregular_city
D:15:     grunt_enter_depths_snipers, layout_basic, kennysheep_doodads
Temple:   nicolae_temple_bog_church
Lair:1:   layout_hall_layers
Lair:2:   layout_chaotic_city, swamp_mist, nicolae_spider_entry_non_spiders
Lair:3:   layout_cave_pods, basic_altar, lemuel_fruit_fields, lemuel_fruit_tree,
          grunt_megastairs_4
Lair:4:   layout_regular_city, minivault_24, grunt_forest_large_clearings,
          serial_bayou_shore_b, infiniplex_staircase_pool
Lair:5:   gammafunk_lair_ancient_temple, layout_regular_city,
          dpeg_slime_entry_enclosed, gammafunk_ghost_berserking_beasts,
          basic_altar, grunt_megastairs_3
Spider:1: layout_spider_delve, ebering_ghost_reflecting_pool,
          portal_ice_cave_entry_ice_statue_two, uniq_josephine, uniq_nikola,
          uniq_donald
Orc:1:    layout_caves
Orc:2:    pf_orc_diabolical, layout_caves, special_room, basic_altar,
          lightli_church_of_beogh
IceCv:    ice_cave_small_demon

Skill      XL: |  1  2  3  4  5  6  7  8  9 10 11 12 13 14 15 16 |
---------------+-------------------------------------------------+-----
Conjurations   | 2 3 4 5 6 8 10 11 13 14 | 14.3
Air Magic      | 5 6 7 8 9 10 11 13 14 | 14.2
Fighting       | 1 2 3 7 8 12 | 12.0
Dodging        | 3 4 6 8 10 | 10.0
Spellcasting   | 3 5 6 |  6.0
Ice Magic      | 4 7 10 11 12 | 12.3
Short Blades   | 2 3 8 9 10 | 10.0
Armour         | 3 8 9 10 | 10.7
Shields        | 6 |  6.0
Stealth        | |  2.0

Action                     |  1- 3 |  4- 6 |  7- 9 | 10-12 | 13-15 | 16-18 || total
---------------------------+-------+-------+-------+-------+-------+-------++-------
  Melee: Short sword       |    15 |    33 |     2 |    48 |   235 |    98 ||   431
         Kick              |     2 |     6 |       |    13 |   116 |    48 ||   185
         Peck              |     1 |     9 |       |     7 |    67 |    28 ||   112
         Dagger            |       |     3 |       |       |       |       ||     3
         Staff             |       |       |       |       |     3 |       ||     3
   Cast: Shock             |    48 |    85 |   128 |     9 |     6 |    62 ||   338
         Static Discharge  |       |     7 |    21 |     3 |       |       ||    31
         Airstrike         |       |     1 |    62 |   185 |   346 |   245 ||   839
         Swiftness         |       |       |     2 |     3 |     1 |     2 ||     8
         Freezing Cloud    |       |       |       |    58 |   152 |    14 ||   224
         Flame Wave        |       |       |       |       |       |     1 ||     1
 Invoke: Call Merchant     |       |       |       |       |     3 |       ||     3
  Evoke: Wand              |       |       |       |     2 |     5 |     9 ||    16
         Phantom mirror    |       |       |       |     1 |       |       ||     1
         Box of beasts     |       |       |       |       |       |     1 ||     1
    Use: Scroll            |    11 |       |     8 |     5 |     5 |     3 ||    32
         Potion            |     1 |       |     4 |     1 |       |       ||     6
   Stab: Sleeping          |     2 |     2 |       |       |       |     1 ||     5
 Armour: Robe              |     4 |    10 |     3 |       |       |       ||    17
         Steam dragon scal |       |       |       |    12 |       |       ||    12
         Ring mail         |       |       |       |     3 |    48 |    11 ||    62
         Animal skin       |       |       |       |       |       |     9 ||     9
  Dodge: Dodged            |    11 |    55 |    44 |    54 |    94 |   118 ||   376
  Block: Buckler           |       |       |       |       |    43 |    56 ||    99
